 Dungeon Crawl Stone Soup version 0.21-a0-584-g185da8e (webtiles) character file.

2186813 Charly the Slayer (level 27, 319/319 HPs)
             Began as an Ogre Berserker on Dec 21, 2017.
             Was the Champion of Trog.
             Escaped with the Orb
             ... and 3 runes on Dec 22, 2017!
             The game lasted 02:57:55 (42717 turns).

Charly the Slayer (Ogre Berserker)                 Turns: 42717, Time: 02:57:56

Health: 319/319    AC: 23    Str: 35    XL:     27
Magic:  23/23      EV: 21    Int:  8    God:    Trog [******]
Gold:   977        SH: 33    Dex: 19    Spells: 26/26 levels left

rFire    + . .     SeeInvis +   P - +6 eveningstar (flame)
rCold    + + .     Gourm    .   L - +10 large shield of Ignorance {rN+ Int-4}
rNeg     + + .     Faith    .   B - +5 fire dragon scales
rPois    +         Spirit   .   h - +0 mask of the Dragon {MR+ Slay+3 SInv}
rElec    +         Reflect  .   g - +0 cloak "Usogg" {rC+ MR+ Regen+}
rCorr    .         Harm     .   (gloves unavailable)
MR       ++++.                  (boots unavailable)
Stlth    ..........             M - amulet "Nunoogo" {rPois rC+ Regen+ Int+4 Dex+4}
HPRegen  1.43/turn              N - ring "Hiptiepn" {*Drain rPois rN+ Slay+6}
MPRegen  0.18/turn              e - ring of Vicluoh {Ice rElec Str+6}

@: no status effects
A: large, unfitting armour, thin metallic scales 1, clumsy 1, deterioration 1,
screaming 1, tough skin 1
0: Orb of Zot
}: 3/15 runes: decaying, serpentine, silver
a: Berserk, Trog's Hand, Brothers in Arms, Burn Spellbooks, Renounce Religion


You escaped.
You worshipped Trog.
Trog was exalted by your worship.
You were not hungry.

You visited 8 branches of the dungeon, and saw 46 of its levels.
You also visited: Labyrinth, Ossuary and Ice Cave.

You collected 6300 gold pieces.
You spent 5323 gold pieces at shops.

Inventory:

Hand Weapons
 a - a +9 antimagic giant spiked club
 b - the +12 giant spiked club "Newtbane" {flame, -Tele MR+ Dex+4}
   (You found it on level 2 of the Depths)

   It has been specially enchanted to burn those struck by it, causing extra
   injury to most foes and up to half again as much damage against particularly
   susceptible opponents.
   It affects your dexterity (+4).
   It affects your resistance to hostile enchantments.
   It prevents most forms of teleportation.
 F - the +6 giant spiked club "Vuarinaf" {freeze, rF+++ rC- MR+ Dex+2}
   (Trog gifted it to you on level 1 of the Vaults)

   It has been specially enchanted to freeze those struck by it, causing extra
   injury to most foes and up to half again as much damage against particularly
   susceptible opponents.
   It can also slow down cold-blooded creatures.
   It affects your dexterity (+2).
   It renders you almost immune to fire.
   It makes you vulnerable to cold.
   It affects your resistance to hostile enchantments.
 P - a +6 eveningstar of flaming (weapon)
Missiles
 p - 3 throwing nets
 I - 85 large rocks (quivered)
Armour
 g - the +0 cloak "Usogg" (worn) {rC+ MR+ Regen+}
   (You bought it in a shop on level 4 of the Snake Pit)

   It protects you from cold.
   It affects your resistance to hostile enchantments.
   It increases your rate of regeneration.
 h - the +0 mask of the Dragon (worn) {MR+ Slay+3 SInv}
   (You found it on level 4 of the Snake Pit)

   It affects your accuracy and damage with ranged weapons and melee attacks
   (+3).
   It affects your resistance to hostile enchantments.
   It lets you see invisible.
 B - +5 fire dragon scales (worn)
 L - the +10 large shield of Ignorance (worn) {rN+ Int-4}
   (You took it off a red devil on level 6 of the Lair of Beasts)

   It affects your intelligence (-4).
   It protects you from negative energy.
Jewellery
 e - the ring of Vicluoh (right hand) {Ice rElec Str+6}
   (You bought it in a shop on level 3 of the Snake Pit)

   [ring of ice]

   It enhances your ice magic.
   It affects your strength (+6).
   It makes you vulnerable to fire.
   It protects you from cold.
   It insulates you from electricity.
 r - a +5 ring of evasion
 M - the amulet "Nunoogo" (around neck) {rPois rC+ Regen+ Int+4 Dex+4}
   (You bought it in a shop on level 2 of the Snake Pit)

   [amulet of regeneration]

   It affects your intelligence (+4).
   It affects your dexterity (+4).
   It protects you from cold.
   It protects you from poison.
   It increases your rate of regeneration.
 N - the ring "Hiptiepn" (left hand) {*Drain rPois rN+ Slay+6}
   (You found it in a labyrinth)

   [ring of poison resistance]

   It affects your accuracy and damage with ranged weapons and melee attacks
   (+6).
   It protects you from poison.
   It protects you from negative energy.
   It causes draining when unequipped.
Wands
 i - a wand of scattershot (4)
 u - a wand of digging (9)
 x - a wand of iceblast (6)
Scrolls
 f - 18 scrolls of teleportation
 j - 4 scrolls of blinking
 k - 14 scrolls of remove curse
 l - 7 scrolls of fear
 m - 4 scrolls of silence
 n - 6 scrolls of identify
 z - 3 scrolls of fog
 D - 7 scrolls of immolation
Potions
 c - 7 potions of haste
 d - 4 potions of flight
 o - 3 potions of resistance
 q - 7 potions of heal wounds
 t - 6 potions of might
 w - 7 potions of cancellation
 A - 11 potions of lignification
 C - 7 potions of ambrosia
 G - 4 potions of agility
 J - 23 potions of curing
 K - 3 potions of magic
Comestibles
 H - 51 rations


   Skills:
 + Level 26.5 Fighting
 - Level 22.0 Maces & Flails
 + Level 14.4 Throwing
 + Level 16.9 Armour
 + Level 17.5 Dodging
 - Level 15.0 Shields


You had 26 spell levels left.
You didn't know any spells.

Dungeon Overview and Level Annotations

Branches:
Dungeon (15/15)            Temple (0/1) D:4            Lair (6/6) D:10
  Swamp (4/4) Lair:2        Snake (4/4) Lair:4        Slime (0/5) Lair:5
    Orc (2/2) D:12            Elf (0/3) Orc:2        Vaults (5/5) D:13
  Crypt (0/3) Vaults:2     Depths (5/5) D:15            Zot (5/5) Depths:5

Altars:
Dithmenos
Fedhas
Kikubaaqudgha
Makhleb
Okawaru
Ru
Yredelemnul
Zin
Beogh

Shops:
D:7 [   D:9 [   Orc:2 %*([   Snake:2 *?*   Snake:3 =   Snake:4 (*[:
Vaults:2 !   Vaults:3 ?   Vaults:5 %?%%   Depths:4 (   Depths:5 (=![

Portals:
Hell: Lair:6 Depths:1 Depths:2 Depths:4 Depths:5
Abyss: Depths:1 Depths:2 Depths:3 Depths:4
Pandemonium: Depths:3 Depths:5
Ziggurat: Depths:2


Innate Abilities, Weirdness & Mutations

You are too large for most types of armour.
You have tough skin. (AC +1)
You are partially covered in thin metallic scales. (AC +2)
You are clumsy. (Dex -2)
Your body sometimes deteriorates upon taking damage.
You occasionally shout uncontrollably at your foes.


Message History

There is a stone staircase leading down here.
You see here a stone.
An orange demon comes into view.
The orange demon moves out of view.
There is a huge open gate here.
A large abomination comes into view.
The goblin shouts!
There is an open gate here.
You block the large abomination's attack.
You impale the large abomination!! You burn the large abomination!
The large abomination is almost destroyed.
You block the large abomination's attack.
You spit the large abomination like a pig!!!
You burn the large abomination.
You destroy the large abomination!
Trog accepts your kill.
The orc shouts!
There is a staircase leading out of the dungeon here.
You block the orange demon's attack.
You have escaped!

........#######'''#######........
........#g#...........#o#...#####
........###..8.###.8..###...#####
........#≈............§≈#...##...
........#§§...........≈≈#...##...
........#≈≈≈......§..≈§≈#...##...
........#§≈§≈≈§.4.≈≈≈§≈§#...###..
........#§≈§≈§≈≈.§§§§≈≈≈#...# #..
...###..#≈§§≈≈≈≈@≈1§§≈≈≈#...# #..
...# #..#################...# #..
...# #.....................># #..
#### #......................# ###
#################......# ########


You could see an Ice Fiend, an orange demon, an orc and a goblin.

Vanquished Creatures
  7 orbs of fire (Zot:5)
  Mara (Vaults:2)
  5 ancient liches (Zot:5)
  A juggernaut (Depths:2)
  the Lernaean hydra (Swamp:4)
  Boris (Vaults:3)
  Vashnia (Snake:4)
  Frederick (Depths:4)
  4 Killer Klowns
  Margery (Depths:5)
  A curse toe (Zot:2)
  A caustic shrike (Depths:3)
  5 golden dragons
  Jory (Depths:3)
  Nikola (Swamp:1)
  3 electric golems
  A Tzitzimitl (Zot:2)
  3 liches
  Jorgrun (Swamp:3)
  10 tentacled monstrosities
  25 Orb Guardians
  5 quicksilver dragons
  4 titans
  7 death cobs
  2 sphinxes
  Frances (Snake:2)
  Gastronok (Lair:3)
  6 tengu reavers
  14 storm dragons
  4 shadow dragons
  Donald (Orc:2)
  4 thorn hunters
  15 fire giants
  6 draconian monks
  10 frost giants
  9 vault wardens
  5 nagarajas
  A deep elf sorcerer (Vaults:3)
  A balrug (Depths:3)
  3 draconian knights
  5 draconian scorchers
  Aizul (Swamp:1)
  6 draconian shifters
  6 ironheart preservers
  3 draconian annihilators
  A draconian stormcaller (Zot:2)
  16 very ugly things
  6 green draconians
  3 war gargoyles (Vaults:5)
  21 stone giants
  2 vampire knights (Vaults:2)
  2 entropy weavers
  2 deep elf demonologists
  10 black draconians
  Azrael (Orc:2)
  9 spark wasps
  9 yellow draconians
  9 white draconians
  7 purple draconians
  5 red draconians
  A dire elephant (D:15)
  Snorg (Orc:2)
  33 ettins
  2 green deaths (Swamp:4)
  6 fire dragons
  A merfolk impaler (Depths:2)
  A fire dragon (shapeshifter) (Vaults:5)
  15 great orbs of eyes
  2 deep elf high priests (Vaults:5)
  14 yaktaur captains
  Josephine (D:10)
  10 ogre magi
  9 ice dragons
  17 naga warriors
  2 ghost crabs
  31 vault guards
  15 hydras
  3 rakshasas
  3 spriggan air magi
  Erolcha (D:13)
  Erica (D:8)
  3 catoblepae (Depths:2)
  10 alligators
  8 anacondas
  2 death knights
  34 two-headed ogres
  2 dancing weapons (Vaults:5)
  10 centaur warriors
  16 death yaks
  4 deep troll shamans
  4 orc high priests (Orc:2)
  4 deep troll earth magi
  3 tengu warriors
  3 vampire magi
  Urug (D:14)
  A thrashing horror (Swamp:4)
  2 sun demons
  4 spriggan berserkers
  A titan zombie (Depths:2)
  4 deep elf knights
  5 shock serpents
  21 naga sharpshooters
  18 deep trolls
  4 iron trolls
  A fire crab (shapeshifter) (Vaults:1)
  A sixfirhy (Zot:4)
  A shadow wraith (Vaults:2)
  11 hell knights
  3 salamander mystics (Snake:4)
  10 unseen horrors
  5 glowing orange brains
  7 wizards
  A deep troll (shapeshifter) (Vaults:5)
  2 spriggan druids
  2 shambling mangroves
  4 skeletal warriors (Vaults:1)
  6 naga ritualists
  10 deep elf archers
  A flayed ghost (Vaults:2)
  A shadow dragon zombie (Vaults:4)
  13 swamp dragons
  13 ironbrand convokers
  A wolf spider zombie (D:15)
  6 necromancers
  12 orc knights
  A phantasmal warrior (Vaults:5)
  3 wolf spiders
  3 orc sorcerers (Orc:2)
  11 salamanders
  A harpy (Vaults:3)
  A sphinx zombie (Vaults:4)
  6 cyclopes
  10 mana vipers
  43 ugly things
  A faun (shapeshifter) (Depths:4)
  A manticore (D:11)
  11 deep elf magi
  A stone giant zombie (Depths:2)
  A rust devil (Depths:3)
  6 elephants (Lair:6)
  19 moths of wrath
  An ice statue (IceCv)
  8 vault sentinels
  28 black mambas
  11 guardian serpents
  4 centaur skeletons
  21 naga magi
  A smoke demon (Lair:6)
  16 spiny frogs
  11 rime drakes
  5 spectral swamp worms (Depths:1)
  5 orange demons
  14 freezing wraiths
  2 hellwings (Depths:3)
  53 yaktaurs
  10 komodo dragons
  A red devil (Lair:6)
  5 tengu conjurers
  4 ice devils
  A yaktaur skeleton (Vaults:4)
  2 polar bears (shapeshifter)
  A meliai (shapeshifter) (D:14)
  6 tyrant leeches
  2 polar bears
  Prince Ribbit (D:8)
  4 trolls
  11 hornets
  10 bog bodies
  37 slime creatures
  14 dream sheep
  12 blink frogs
  8 hippogriffs
  A snapping turtle (shapeshifter) (Depths:1)
  2 air elementals (Depths:4)
  The ghost of DEFE the Shooter, an amateur DEAM of Vehumet (Ossuary)
  Sigmund (D:3)
  2 tarantellas (shapeshifter)
  A vampire (D:12)
  A redback (Vaults:5)
  2 spriggans (shapeshifter)
  7 wyverns
  4 wraiths
  6 shadows
  8 water elementals
  A human (shapeshifter) (Vaults:2)
  3 basilisks
  Grum (D:8)
  19 spriggans
  23 yaks
  2 hungry ghosts
  30 vampire mosquitoes
  4 fire elementals (Orc:2)
  3 large abominations
  19 humans (D:13)
  A chaos spawn (Depths:3)
  23 swamp worms
  70 nagas
  A soldier ant (shapeshifter) (Vaults:3)
  A swamp worm (shapeshifter) (Depths:5)
  2 acid dragons
  12 insubstantial wisps
  3 wargs
  4 porcupines
  6 hell hounds
  A floating eye (Depths:4)
  15 water moccasins
  5 phantoms
  5 swamp drakes
  2 black bears (shapeshifter)
  27 orc warriors
  2 alligator simulacra (IceCv)
  10 ice beasts
  5 sky beasts
  2 eyes of draining (shapeshifter)
  3 boggarts (Lair:4)
  23 ogres
  19 centaurs
  22 wolves
  15 crocodiles
  4 big kobolds
  8 bullfrogs
  2 cyclops zombies (Depths:2)
  An earth elemental (Lab)
  A big kobold (shapeshifter) (Vaults:1)
  A small abomination (Swamp:4)
  A water moccasin skeleton (D:6)
  A wyvern skeleton (D:14)
  15 scorpions
  An elephant simulacrum (IceCv)
  8 wights
  A vampire bat (Lair:3)
  3 bullfrog zombies
  3 electric eels
  6 crimson imps
  A centaur zombie (Ossuary)
  6 draconian simulacra (IceCv)
  9 hounds
  2 human simulacra
  A quasit (D:9)
  3 bullfrog skeletons
  A human zombie (Ossuary)
  22 orc priests
  14 jellies
  6 iguanas
  19 orc wizards
  A polar bear simulacrum (IceCv)
  3 troll simulacra (IceCv)
  8 worker ants
  2 spriggan simulacra (IceCv)
  4 big kobold zombies (Ossuary)
  2 bullfrog simulacra (D:12)
  4 centaur simulacra (IceCv)
  2 hound skeletons
  3 mummies (Ossuary)
  A howler monkey zombie (D:10)
  2 scorpion zombies (Ossuary)
  4 gnolls
  2 naga simulacra (IceCv)
  22 adders
  3 ogre simulacra (IceCv)
  2 shadow imps
  15 white imps
  3 ufetubi
  An ooze (D:3)
  An adder zombie (D:9)
  4 worms
  A worm (shapeshifter) (Vaults:5)
  A dart slug (D:4)
  3 leopard geckos
  85 orcs
  5 giant cockroaches
  A gnoll zombie (Ossuary)
  5 goblins
  2 hobgoblins (D:1)
  12 jackals
  28 kobolds
  5 quokkas
  2 ball pythons (Snake:2)
  10 bats
  4 frilled lizards
  2 goblin zombies (Ossuary)
  7 hobgoblin zombies (Ossuary)
  A jackal zombie (D:7)
  3 orc zombies
  A quokka zombie (D:7)
  5 rats
  A rat zombie (D:7)
2003 creatures vanquished.

Vanquished Creatures (collateral kills)
  An orb of fire (Zot:5)
  2 Orb Guardians (Zot:5)
  Rupert (D:13)
  A death cob (Zot:4)
  A shadow dragon (Vaults:5)
  A nagaraja (Snake:4)
  2 black draconians
  A red draconian (Zot:4)
  A minotaur (Lab)
  3 vault guards (Vaults:5)
  A centaur warrior (Depths:4)
  2 yaktaurs (Vaults:5)
  An air elemental (Depths:4)
  2 nagas (Snake:4)
  An orc warrior (Vaults:5)
  An ogre (Orc:2)
  An orc wizard (Orc:2)
  An adder (D:7)
  An orc (Orc:2)
25 creatures vanquished.

Vanquished Creatures (others)
  A centaur warrior (Vaults:4)
  2 vampire mosquitoes (Swamp:1)
  An orc warrior (Vaults:4)
  An orc (Orc:2)
  10 fungi
  15 plants
  3 toadstools (Swamp:2)
33 creatures vanquished.

Grand Total: 2061 creatures vanquished

Notes
Turn   | Place    | Note
-------+----------+-------------------------------------------
     0 | D:1      | Charly the Ogre Berserker began the quest for the Orb.
     0 | D:1      | Reached XP level 1. HP: 24/24 MP: 1/1
   118 | D:1      | Reached XP level 2. HP: 32/32 MP: 2/2
   558 | D:2      | Reached XP level 3. HP: 40/40 MP: 3/3
   711 | D:2      | Reached ** piety under Trog
   711 | D:2      | Reached XP level 4. HP: 49/49 MP: 4/4
   765 | D:2      | Found a blossoming altar of Fedhas.
   886 | D:3      | Noticed Sigmund
  1301 | D:2      | Reached skill level 5 in Fighting
  1579 | D:3      | Killed Sigmund
  1579 | D:3      | Reached skill level 5 in Maces & Flails
  1579 | D:3      | Reached XP level 5. HP: 59/59 MP: 5/5
  1579 | D:3      | Reached XP level 6. HP: 67/67 MP: 6/6
  1695 | D:4      | Reached skill level 6 in Fighting
  2040 | D:4      | Found a staircase to the Ecumenical Temple.
  2135 | D:4      | Reached XP level 7. HP: 52/76 MP: 7/7
  2366 | D:5      | Entered Level 5 of the Dungeon
  2456 | D:5      | Reached skill level 7 in Fighting
  2747 | D:5      | Reached XP level 8. HP: 57/88 MP: 8/8
  2783 | D:5      | Found an iron altar of Okawaru.
  2981 | D:6      | Reached *** piety under Trog
  2995 | D:6      | Reached skill level 8 in Fighting
  3465 | D:6      | Reached skill level 9 in Fighting
  3534 | D:6      | Reached XP level 9. HP: 98/98 MP: 9/9
  3713 | D:7      | Found Urux's Armour Shoppe.
  3722 | D:7      | Reached **** piety under Trog
  3729 | D:7      | Bought a +1 cloak for 149 gold pieces
  3954 | D:7      | Found a sacrificial altar of Ru.
  3972 | D:7      | Reached skill level 10 in Fighting
  4131 | D:7      | Found a sand-covered staircase.
  4147 | Ossuary  | Entered an ossuary
  4206 | Ossuary  | Noticed DEFE's ghost (amateur DEAM)
  4221 | Ossuary  | Killed DEFE's ghost
  4221 | Ossuary  | Reached skill level 10 in Maces & Flails
  4766 | D:7      | Noticed a two-headed ogre
  4985 | D:7      | Reached skill level 11 in Fighting
  4985 | D:7      | Reached XP level 10. HP: 113/113 MP: 10/10
  5089 | D:7      | Killed a two-headed ogre
  5108 | D:8      | Found an ancient bone altar of Kikubaaqudgha.
  5435 | D:8      | Noticed Grum
  5443 | D:8      | Killed Grum
  5520 | D:8      | Noticed Erica
  5534 | D:8      | Killed Erica
  5659 | D:8      | Reached ***** piety under Trog
  5660 | D:8      | Reached skill level 12 in Fighting
  5721 | D:8      | Noticed Prince Ribbit
  5856 | D:8      | Killed Prince Ribbit
  6081 | D:8      | Reached XP level 11. HP: 123/123 MP: 11/11
  6293 | D:9      | Found a glowing silver altar of Zin.
  6386 | D:9      | Found Curher's Armour Boutique.
  6450 | D:9      | Noticed a two-headed ogre
  6494 | D:9      | Killed a two-headed ogre
  6720 | D:9      | Found a shadowy altar of Dithmenos.
  6753 | D:10     | Entered Level 10 of the Dungeon
  6924 | D:10     | Reached skill level 5 in Dodging
  6937 | D:10     | Received a gift from Trog
  7148 | D:10     | Noticed Josephine
  7157 | D:10     | Killed Josephine
  7279 | D:10     | Found a staircase to the Lair.
  7323 | D:10     | Reached skill level 13 in Fighting
  7482 | D:11     | Noticed a manticore
  7492 | D:11     | Killed a manticore
  7890 | Lair:1   | Entered Level 1 of the Lair of Beasts
  7912 | Lair:1   | Found a labyrinth entrance.
  7956 | Lab      | Entered a labyrinth
  8420 | Lab      | Noticed a minotaur
  8582 | Lab      | Killed a minotaur
  8600 | Lab      | Got a distressingly furry robe
  8600 | Lab      | Got a bound turquoise ring
  8600 | Lab      | Got a pitted copper ring
  8604 | Lair:1   | Identified the ring "Hiptiepn" {*Drain rPois rN+ Slay+6} (You found it in a labyrinth)
  8606 | Lair:1   | Identified the cursed ring "Demmocre" {rC+ Int-3 Stlth+} (You found it in a labyrinth)
  8620 | Lair:1   | Identified the +2 robe of Circular Logic {Int+2} (You found it in a labyrinth)
  8861 | Lair:1   | Reached XP level 12. HP: 128/136 MP: 12/12
  9498 | Lair:2   | Reached skill level 14 in Fighting
  9655 | Lair:2   | Received a gift from Trog
  9698 | Lair:2   | Found a staircase to the Swamp.
  9921 | Lair:3   | Noticed Gastronok
  9949 | Lair:3   | Killed Gastronok
  9949 | Lair:3   | Reached skill level 1 in Armour
 10505 | Lair:4   | Noticed a spriggan rider
 10579 | Lair:4   | Noticed a death yak
 10580 | Lair:4   | Noticed a spriggan rider
 10586 | Lair:4   | Killed a death yak
 10592 | Lair:4   | Killed a spriggan rider
 10638 | Lair:4   | Reached XP level 13. HP: 118/148 MP: 13/13
 10717 | Lair:4   | Reached skill level 15 in Fighting
 10775 | Lair:4   | Found a staircase to the Snake Pit.
 10813 | Lair:4   | Reached skill level 15 in Maces & Flails
 11368 | Lair:5   | Reached ****** piety under Trog
 11504 | Lair:5   | Reached skill level 5 in Armour
 11635 | Lair:5   | Found a staircase to the Slime Pits.
 11653 | Lair:5   | Received a gift from Trog
 11706 | Lair:5   | Reached skill level 16 in Fighting
 12150 | Lair:6   | Entered Level 6 of the Lair of Beasts
 12210 | Lair:6   | Reached XP level 14. HP: 155/162 MP: 14/14
 13363 | Lair:6   | Reached skill level 17 in Fighting
 13590 | Lair:6   | Found a burning altar of Makhleb.
 13599 | Lair:6   | Found a gateway to Hell.
 13972 | D:12     | Received a gift from Trog
 14220 | D:12     | Found a staircase to the Orcish Mines.
 14229 | D:12     | Found a frozen archway.
 14231 | D:12     | Reached XP level 15. HP: 149/174 MP: 15/15
 14237 | IceCv    | Entered an ice cave
 14633 | IceCv    | Found an ancient bone altar of Kikubaaqudgha.
 14847 | IceCv    | Received a gift from Trog
 15219 | D:13     | Noticed Erolcha
 15226 | D:13     | Killed Erolcha
 15267 | D:13     | Noticed Rupert
 15285 | D:13     | Killed Rupert
 15781 | D:14     | Noticed Urug
 15789 | D:14     | Killed Urug
 16021 | D:15     | Entered Level 15 of the Dungeon
 16211 | D:15     | Gained mutation: You occasionally shout uncontrollably at your foes. [potion of mutation]
 16211 | D:15     | Gained mutation: You have sharp fingernails. [potion of mutation]
 16211 | D:15     | Gained mutation: You are robust. (+10% HP) [potion of mutation]
 16226 | D:15     | Found a basalt altar of Yredelemnul.
 16417 | D:15     | Found a staircase to the Depths.
 16636 | Orc:1    | Entered Level 1 of the Orcish Mines
 16649 | Orc:1    | Received a gift from Trog
 17062 | Orc:1    | Found a roughly hewn altar of Beogh.
 17086 | Orc:2    | Entered Level 2 of the Orcish Mines
 17140 | Orc:2    | Found a staircase to the Elven Halls.
 17251 | Orc:2    | Noticed Snorg
 17263 | Orc:2    | Killed Snorg
 17322 | Orc:2    | Noticed Azrael
 17346 | Orc:2    | Killed Azrael
 17346 | Orc:2    | Reached skill level 18 in Fighting
 17661 | Orc:2    | Noticed Donald
 17668 | Orc:2    | Killed Donald
 17759 | Orc:2    | Reached skill level 1 in Throwing
 17777 | Orc:2    | Received a gift from Trog
 17870 | Orc:2    | Got a dazzling giant club {god gift}
 17871 | Orc:2    | Identified the +3 giant club "Nojofeis" {venom, rC+ Int-4 Dex+4 Stlth+} (Trog gifted it to you on level 2 of the Orcish Mines)
 18362 | Orc:2    | Found a roughly hewn altar of Beogh.
 18473 | Orc:2    | Reached XP level 16. HP: 182/203 MP: 16/16
 18801 | Orc:2    | Found Bekempag's Armour Shoppe.
 18801 | Orc:2    | Found Wapateav's Food Shop.
 18811 | Orc:2    | Found Guys's General Store.
 18811 | Orc:2    | Found Ataenad's Antique Weapon Shoppe.
 18819 | Orc:2    | Bought a scroll of brand weapon for 340 gold pieces
 18819 | Orc:2    | Bought a scroll of identify for 34 gold pieces
 18819 | Orc:2    | Bought a scroll of identify for 34 gold pieces
 18979 | Swamp:1  | Entered Level 1 of the Swamp
 18999 | Swamp:1  | Noticed Nikola
 19014 | Swamp:1  | Killed Nikola
 19209 | Swamp:1  | Received a gift from Trog
 19486 | Swamp:2  | Noticed a thorn hunter
 19493 | Swamp:2  | Killed a thorn hunter
 19687 | Swamp:2  | Noticed a thorn hunter
 19699 | Swamp:2  | Killed a thorn hunter
 20182 | Swamp:3  | Noticed a thorn hunter
 20265 | Swamp:3  | Killed a thorn hunter
 20330 | Swamp:3  | Received a gift from Trog
 20349 | Swamp:3  | Got a warped giant spiked club {god gift}
 20350 | Swamp:3  | Identified the +3 giant spiked club of the Endless March {freeze, *Drain rElec Int-2 Dex+8} (Trog gifted it to you on level 3 of the Swamp)
 20506 | Swamp:3  | Noticed a thorn hunter
 20527 | Swamp:3  | Killed a thorn hunter
 20872 | Swamp:3  | Noticed Jorgrun
 20876 | Swamp:3  | Killed Jorgrun
 20876 | Swamp:3  | Reached skill level 19 in Fighting
 20876 | Swamp:3  | Reached XP level 17. HP: 217/217 MP: 17/17
 21000 | Swamp:1  | Noticed Aizul
 21006 | Swamp:1  | Killed Aizul
 21086 | Snake:1  | Entered Level 1 of the Snake Pit
 21308 | Snake:1  | Received a gift from Trog
 21626 | Snake:2  | Reached skill level 10 in Armour
 21679 | Snake:2  | Found Pizaen's General Store.
 21681 | Snake:2  | Found Burel's Magic Scroll Boutique.
 21683 | Snake:2  | Found Honkia's General Store.
 21697 | Snake:2  | Bought a scroll of teleportation for 42 gold pieces
 21697 | Snake:2  | Bought a scroll of fear for 49 gold pieces
 21699 | Snake:2  | Bought the amulet "Nunoogo" {rPois rC+ Regen+ Int+4 Dex+4} for 910 gold pieces
 21705 | Snake:2  | Bought a scroll of fear for 59 gold pieces
 21705 | Snake:2  | Bought a scroll of teleportation for 51 gold pieces
 21858 | Snake:2  | Noticed Frances
 21864 | Snake:2  | Killed Frances
 22275 | Snake:2  | Received a gift from Trog
 22338 | Snake:3  | Found Sakyam's Jewellery Emporium.
 22345 | Snake:3  | Bought the ring of Vicluoh {Ice rElec Str+6} for 877 gold pieces
 22962 | Snake:4  | Entered Level 4 of the Snake Pit
 23040 | Snake:4  | Identified the Papyrus of Shifting Talismans
 23254 | Snake:4  | Reached XP level 18. HP: 182/231 MP: 18/18
 23316 | Snake:4  | Received a gift from Trog
 23321 | Snake:4  | Reached skill level 10 in Dodging
 23599 | Snake:4  | Found Kuni's Assorted Antiques.
 23614 | Snake:4  | Noticed Vashnia
 23640 | Snake:4  | Reached skill level 20 in Fighting
 23998 | Snake:4  | Found the +0 mask of the Dragon {MR+ Slay+3 SInv}
 24216 | Snake:4  | Killed Vashnia
 24332 | Snake:4  | Received a gift from Trog
 24454 | Snake:4  | Found Zoarumom's Book Emporium.
 24456 | Snake:4  | Found Kaepeedo's Antique Armour Emporium.
 24461 | Snake:4  | Found Til Dixococ's Weapon Shoppe.
 24464 | Snake:4  | Bought a slimy cloak for 389 gold pieces
 24474 | Snake:4  | Identified the +0 cloak "Usogg" {rC+ MR+ Regen+} (You bought it in a shop on level 4 of the Snake Pit)
 24514 | Snake:4  | Got a scorched giant club {god gift}
 24520 | Snake:4  | Identified the +7 giant club of Pantheism {crush, rF- Str+6 Int+3} (Trog gifted it to you on level 4 of the Snake Pit)
 25013 | Snake:4  | Got a serpentine rune of Zot
 25764 | D:13     | Found a gate to the Vaults.
 25780 | D:13     | Received a gift from Trog
 25810 | Vaults:1 | Entered Level 1 of the Vaults
 25857 | Vaults:1 | Reached XP level 19. HP: 224/243 MP: 19/19
 25905 | Vaults:1 | Received a gift from Trog
 26585 | Vaults:1 | Received a gift from Trog
 26606 | Vaults:1 | Got a crystal giant spiked club {god gift}
 26607 | Vaults:1 | Identified the +6 giant spiked club "Vuarinaf" {freeze, rF+++ rC- MR+ Dex+2} (Trog gifted it to you on level 1 of the Vaults)
 26686 | Vaults:1 | Reached skill level 21 in Fighting
 27044 | Vaults:2 | Found Voshrov's Distillery.
 27180 | Vaults:2 | Noticed Mara
 27191 | Vaults:2 | Killed Mara
 27450 | Vaults:2 | Received a gift from Trog
 27470 | Vaults:2 | Reached XP level 20. HP: 147/257 MP: 20/20
 27636 | Vaults:2 | Found a staircase to the Crypt.
 27943 | Vaults:3 | Found Nebiunax's Magic Scroll Shop.
 27943 | Vaults:3 | Noticed Boris
 27954 | Vaults:3 | Killed Boris
 28041 | Vaults:3 | Reached XP level 21. HP: 267/267 MP: 21/21
 28783 | Vaults:4 | Received a gift from Trog
 29583 | Swamp:4  | Entered Level 4 of the Swamp
 29709 | Swamp:4  | Reached skill level 22 in Fighting
 29864 | Swamp:4  | Noticed the 27-headed Lernaean hydra
 29883 | Swamp:4  | Received a gift from Trog
 29886 | Swamp:4  | Got a translucent giant spiked club {god gift}
 29887 | Swamp:4  | Identified the +6 giant spiked club of Tension {antimagic, *Drain Fragile MR++ Stlth+} (Trog gifted it to you on level 4 of the Swamp)
 30010 | Swamp:4  | Killed the 27-headed Lernaean hydra
 30092 | Swamp:4  | Got a decaying rune of Zot
 30742 | Depths:1 | Entered Level 1 of the Depths
 30751 | Depths:1 | Reached XP level 22. HP: 279/279 MP: 22/22
 31067 | Depths:1 | Received a gift from Trog
 31709 | Depths:1 | Found a one-way gate to the infinite horrors of the Abyss.
 31758 | Depths:2 | Found a gateway to a ziggurat.
 31855 | Depths:2 | Reached skill level 5 in Throwing
 32277 | Depths:2 | Received a gift from Trog
 32446 | Depths:2 | Received a gift from Trog
 32704 | Depths:2 | Reached skill level 23 in Fighting
 32878 | Depths:2 | Reached XP level 23. HP: 293/293 MP: 23/23
 32921 | Depths:2 | Noticed a juggernaut
 32938 | Depths:2 | Killed a juggernaut
 33134 | Depths:2 | Identified the +12 giant spiked club "Newtbane" {flame, -Tele MR+ Dex+4} (You found it on level 2 of the Depths)
 33551 | Depths:3 | Noticed Jory
 33554 | Depths:3 | Noticed a caustic shrike
 33565 | Depths:3 | Killed Jory
 33651 | Depths:3 | Killed a caustic shrike
 33799 | Depths:3 | Identified the +7 morningstar of Past Mistakes {freeze, rF+} (You took it off a hell knight on level 3 of the Depths)
 33906 | Depths:3 | Received a gift from Trog
 33997 | Depths:3 | Identified the +4 giant club of Excruciating Pain {freeze, -Tele Dex+4} (Trog gifted it to you on level 3 of the Depths)
 34004 | Depths:3 | Identified the Almanac of the Entourage
 34009 | Depths:3 | Identified the Handbook of Earth and Conjuration
 34199 | Depths:4 | Found Jimn's Antique Weapon Shop.
 34219 | Depths:4 | Noticed Frederick
 34698 | Depths:4 | Killed Frederick
 34862 | Depths:4 | Received a gift from Trog
 34945 | Depths:4 | Reached skill level 24 in Fighting
 34965 | Depths:4 | Reached XP level 24. HP: 183/310 MP: 23/23
 34988 | Depths:4 | Reached skill level 15 in Dodging
 35226 | Depths:4 | Reached skill level 10 in Throwing
 35364 | Depths:5 | Entered Level 5 of the Depths
 35390 | Depths:5 | Found Uhosuy's Jewellery Shoppe.
 35418 | Depths:5 | Bought a +5 ring of evasion for 935 gold pieces
 35422 | Depths:5 | Found Katoghyod's Distillery.
 35426 | Depths:5 | Bought a potion of curing for 48 gold pieces
 35426 | Depths:5 | Bought a potion of might for 64 gold pieces
 35426 | Depths:5 | Bought a potion of curing for 48 gold pieces
 35426 | Depths:5 | Bought a potion of agility for 64 gold pieces
 35426 | Depths:5 | Bought a potion of heal wounds for 80 gold pieces
 35426 | Depths:5 | Bought a potion of cancellation for 128 gold pieces
 35719 | Depths:5 | Found Xuxusef's Antique Armour Emporium.
 35789 | Depths:5 | Found a gate to the Realm of Zot.
 35794 | Depths:5 | Received a gift from Trog
 35794 | Depths:5 | Reached skill level 15 in Armour
 35807 | Depths:5 | Found a one-way gate leading to the halls of Pandemonium.
 35844 | Depths:5 | Found Laguutauho's Antique Weapon Shop.
 35869 | Depths:5 | Noticed Margery
 35894 | Depths:5 | Killed Margery
 36708 | Snake:2  | Bought a scroll of brand weapon for 340 gold pieces
 37082 | Vaults:2 | Bought a potion of heal wounds for 75 gold pieces
 37082 | Vaults:2 | Bought a potion of curing for 45 gold pieces
 37138 | Vaults:4 | Reached skill level 1 in Shields
 37167 | Vaults:5 | Entered Level 5 of the Vaults
 37223 | Vaults:5 | Received a gift from Trog
 37233 | Vaults:5 | Reached skill level 5 in Shields
 37253 | Vaults:5 | Received a gift from Trog
 37575 | Vaults:5 | Received a gift from Trog
 37577 | Vaults:5 | Reached XP level 25. HP: 321/321 MP: 23/23
 37595 | Vaults:5 | Identified the +5 giant spiked club "Mouh" {freeze, Str+3} (Trog gifted it to you on level 5 of the Vaults)
 37710 | Vaults:5 | Reached skill level 10 in Shields
 38147 | Vaults:5 | Got a silver rune of Zot
 38215 | Vaults:5 | Received a gift from Trog
 38243 | Vaults:5 | Found Wanoovat's Magic Scroll Boutique.
 38243 | Vaults:5 | Found Panta's Food Shoppe.
 38251 | Vaults:5 | Bought a scroll of enchant armour for 82 gold pieces
 38703 | Vaults:5 | Received a gift from Trog
 38723 | Vaults:5 | Found Filoaff's Food Shoppe.
 38901 | Vaults:5 | Found Ukufasej's Food Shoppe.
 39029 | Vaults:2 | Bought a potion of heal wounds for 75 gold pieces
 39029 | Vaults:2 | Bought a potion of curing for 45 gold pieces
 39029 | Vaults:2 | Bought a potion of heal wounds for 75 gold pieces
 39029 | Vaults:2 | Bought a potion of cancellation for 120 gold pieces
 39029 | Vaults:2 | Bought a potion of curing for 45 gold pieces
 39029 | Vaults:2 | Bought a potion of mutation for 120 gold pieces
 39369 | Zot:1    | Entered Level 1 of the Realm of Zot
 40114 | Zot:3    | Reached XP level 26. HP: 258/332 MP: 23/23
 40129 | Zot:3    | Reached skill level 15 in Shields
 40259 | Zot:3    | Received a gift from Trog
 40856 | Zot:4    | Reached skill level 25 in Fighting
 41063 | Zot:5    | Entered Level 5 of the Realm of Zot
 41132 | Zot:4    | Received a gift from Trog
 41502 | Zot:5    | Noticed an ancient lich
 41518 | Zot:5    | Killed an ancient lich
 41567 | Zot:5    | Received a gift from Trog
 41588 | Zot:5    | Noticed an ancient lich
 41598 | Zot:5    | Noticed an orb of fire
 41606 | Zot:5    | Gained mutation: Scrolls take you a little longer to read. [an orb of fire]
 41607 | Zot:5    | Killed an ancient lich
 41607 | Zot:5    | Reached XP level 27. HP: 345/345 MP: 23/23
 41613 | Zot:5    | Killed an orb of fire
 41617 | Zot:5    | Noticed an orb of fire
 41621 | Zot:5    | Gained mutation: You tend to lose your temper in combat. [an orb of fire]
 41629 | Zot:5    | Killed an orb of fire
 41631 | Zot:5    | Noticed an orb of fire
 41637 | Zot:5    | Killed an orb of fire
 41640 | Zot:5    | Noticed an orb of fire
 41647 | Zot:5    | Killed an orb of fire
 41812 | Zot:5    | Lost mutation: You tend to lose your temper in combat. [potion of mutation]
 41812 | Zot:5    | Lost mutation: Scrolls take you a little longer to read. [potion of mutation]
 41812 | Zot:5    | Lost mutation: You have sharp fingernails. [potion of mutation]
 41812 | Zot:5    | Lost mutation: You are robust. (+10% HP) [potion of mutation]
 41812 | Zot:5    | Gained mutation: You evolve. [potion of mutation]
 41812 | Zot:5    | Gained mutation: You are frail. (-10% HP) [potion of mutation]
 41812 | Zot:5    | Gained mutation: You are resistant to hostile enchantments. (MR+) [potion of mutation]
 41813 | Zot:5    | Lost mutation: You are resistant to hostile enchantments. (MR+) [potion of mutation]
 41813 | Zot:5    | Lost mutation: You are frail. (-10% HP) [potion of mutation]
 41813 | Zot:5    | Lost mutation: You evolve. [potion of mutation]
 41813 | Zot:5    | Gained mutation: You have a pair of small horns on your head. [potion of mutation]
 41813 | Zot:5    | Gained mutation: You are agile. (Dex +2) [potion of mutation]
 41819 | Zot:5    | Noticed an orb of fire
 41822 | Zot:5    | Noticed an orb of fire
 41824 | Zot:5    | Noticed an ancient lich
 41829 | Zot:5    | Gained mutation: Your magical capacity is low. (-10% MP) [an orb of fire]
 41833 | Zot:5    | Killed an orb of fire
 41838 | Zot:5    | Killed an ancient lich
 41840 | Zot:5    | Noticed an orb of fire
 41841 | Zot:5    | Killed an orb of fire
 41841 | Zot:5    | Reached skill level 26 in Fighting
 41843 | Zot:5    | Noticed an orb of fire
 41845 | Zot:5    | Gained mutation: Potions are less effective at restoring your health. [an orb of fire]
 41847 | Zot:5    | Gained mutation: Your spells are a little easier to cast, but a little less powerful. [an orb of fire]
 41849 | Zot:5    | Gained mutation: Your body sometimes deteriorates upon taking damage. [an orb of fire]
 41853 | Zot:5    | Killed an orb of fire
 41855 | Zot:5    | Killed an orb of fire
 41939 | Zot:5    | Lost mutation: You have a pair of small horns on your head. [potion of mutation]
 41939 | Zot:5    | Lost mutation: Potions are less effective at restoring your health. [potion of mutation]
 41939 | Zot:5    | Lost mutation: Your magical capacity is low. (-10% MP) [potion of mutation]
 41939 | Zot:5    | Lost mutation: You are agile. (Dex +2) [potion of mutation]
 41939 | Zot:5    | Gained mutation: You expend magic power (3 MP) to strengthen your wands. [potion of mutation]
 41939 | Zot:5    | Gained mutation: Your muscles are strong. (Str +2) [potion of mutation]
 41940 | Zot:5    | Lost mutation: You expend magic power (3 MP) to strengthen your wands. [potion of mutation]
 41940 | Zot:5    | Lost mutation: Your spells are a little easier to cast, but a little less powerful. [potion of mutation]
 41940 | Zot:5    | Lost mutation: Your muscles are strong. (Str +2) [potion of mutation]
 41940 | Zot:5    | Gained mutation: You are clumsy. (Dex -2) [potion of mutation]
 41940 | Zot:5    | Gained mutation: You are partially covered in thin metallic scales. (AC +2) [potion of mutation]
 41979 | Zot:5    | Noticed an ancient lich
 41994 | Zot:5    | Noticed an ancient lich
 41994 | Zot:5    | Killed an ancient lich
 42004 | Zot:5    | Killed an ancient lich
 42086 | Zot:5    | Got the Orb of Zot
 42182 | Zot:2    | Noticed Pikafo the pandemonium lord
 42717 | D:$      | Escaped with the Orb!

Vault maps used:
D:1:      lordsloth_arrival_two_stooges, serial_bayou_pond_b
D:2:      first_ration, minmay_statues_item, hangedman_decor_clover_reticule,
          fedhas_altar_1
D:3:      marbit_many_paths, uniq_sigmund
D:4:      minmay_temple_entry_overgrown
D:5:      nicolae_overflow_crystal_walls
D:6:      grunt_ministairs_1
D:7:      nicolae_ru_the_path_less_chosen, serial_shops, nicolae_shop_stone,
          enter_ossuary_3, the_bakery
D:8:      basic_altar, uniq_grum, uniq_erica, uniq_prince_ribbit1
D:9:      overflow_temple_1_default, serial_shops, shop, grunt_dithmenos_smoke
D:10:     david_lair_shrubbed, minivault_5, uniq_josephine
D:12:     orc_0_dummy, serial_ice, serial_ice_m, serial_ice_n, serial_ice_c,
          serial_ice_i, serial_ice_g, serial_ice_b, portal_ice_cave_rime
D:13:     grunt_vaults_entry_tiered, uniq_erolcha, uniq_rupert
D:14:     minivault_4, uniq_urug
D:15:     hangedman_depths_entry_try_elsewhere_first, kennysheep_flooded_box,
          serial_park_tiny_pond
Lair:1:   lab_entry_generic, lemuel_fruit_tree
Lair:2:   minmay_swamp_entry_reptiles, serial_bayou_pond_c, hibernation_bobbens
Lair:3:   nicolae_quartered_pool_super, roderic_batcave,
          eino_small_chamber_without_monster, lemuel_fruit_fields,
          uniq_gastronok
Lair:4:   kb_forest_paths, minmay_snake_entry_guardpost_small,
          patterned_corridor
Lair:5:   minmay_slime_entry_jelly_boxes, beast_lair_carwin_3,
          serial_bayou_shore_b
Lair:6:   evil_forest
Swamp:1:  evilmike_swamp_ruin_house_1, infiniplex_staircase_pool, uniq_aizul,
          uniq_nikola
Swamp:2:  cheibrodos_swamp_tower_of_moss, evilmike_swamp_ruin_rubble_2
Swamp:3:  nicolae_swamp_triple_paths, uniq_jorgrun
Swamp:4:  swamp_vile
Snake:1:  serial_bayou_shore_b
Snake:2:  minmay_snake_river, serial_bayou_pond_e, minmay_shop_star,
          uniq_frances
Snake:3:  serial_shops, shop, special_room
Snake:4:  johnstein_snake_rune_scales, grunt_megastairs_2, minmay_shoptagon,
          uniq_vashnia
Orc:1:    lemuel_statue_altar
Orc:2:    grunt_orc_tribal_feast, minmay_orc_temple_b, uniq_azrael, uniq_donald,
          uniq_snorg
Vaults:1: hangedman_vaults_unwind, nicolae_vaults_little_squares_2, v_misc_32,
          ontoclasm_vaults_gateway, hangedman_vaults_nails,
          hangedman_vaults_trim, nicolae_vaults_alarming, v_rooms_5,
          st_hourglassy, ontoclasm_vaults_decontamination
Vaults:2: nicolae_vaults_murderbox, ontoclasm_vaults_twist,
          minmay_crypt_entry_simple_corners, vaults_dpeg_spiral,
          vaults_mumra_hexcomb, ontoclasm_vaults_ring_square, vaults_dpeg_hooks,
          nicolae_vaults_little_ls, ontoclasm_vaults_ring_small,
          nicolae_vaults_yaktaur_gun_rack, ontoclasm_vaults_hangar,
          vaults_room_fancy_cross, vaults_dpeg_diagonal,
          nicolae_vaults_little_squares_1, serial_shops,
          nicolae_shop_behind_doors, uniq_mara
Vaults:3: v_alt_pattern_1, vaults_room_grunt_arrival_checkpoint,
          nicolae_vaults_little_squares_3, vaults_mumra_chevron, v_misc_22,
          nicolae_vaults_ninety_degrees, nicolae_vaults_little_squares_1,
          v_misc_28, grunt_vaults_focal, dpeg_vaults_monster_box,
          v_alt_pattern_4, serial_shops, shop, uniq_boris
Vaults:4: vaults_room_large_hall, hangedman_vaults_stretched_pinwheel,
          v_misc_25, vaults_mumra_hex, ontoclasm_vaults_eye, serial_shops, shop
Depths:1: abyss_entry_crystal, minmay_misc_feat_four_crosses,
          pf_hell_entry_tar_river, kennysheep_nondescript, spider_trap,
          due_unseen_surprise
Depths:2: giant_chief_lemuel, enter_ziggurat_a, hell_entry, abyss_entry,
          serial_bayou_shore_a
Depths:3: minmay_the_grid_octo_tiled_squarecenter, grunt_hell_entry_dis_mu,
          rand_demon_pan_entry_7, abyss_entry, uniq_jory
Depths:4: minmay_open_boxes_in_corner, abyss_entry, serial_shops,
          shop_fountains, minmay_curled_crystal, hell_entry,
          roderic_lattice_octagonal_star, kennysheep_random_hallway,
          uniq_frederick
Depths:5: grunt_zot_entry_alcove, serial_shops,
          nicolae_shop_temple_entry_statues_fountains, shop_fountains, shop,
          shop, pan_entry, hell_entry, wad_floor_pattern_1, uniq_margery
Zot:1:    lemuel_lake_of_fire
Lab:      nicolae_lab_starburst
Ossuary:  ossuary_minmay_scorpions
IceCv:    ice_cave_small_necro

Skill      XL: |  1  2  3  4  5  6  7  8  9 10 11 12 13 14 15 16 17 18 19 20 21 22 23 24 25 26 27 |
---------------+----------------------------------------------------------------------------------+-----
Maces & Flails | 3 5 7 8 10 12 13 14 15 17 18 19 20 21 22 | 22.0
Fighting       | 5 6 7 9 11 12 13 14 16 17 18 19 20 21 22 23 24 25 26 | 26.5
Dodging        | 4 5 7 8 9 10 11 12 13 14 15 16 17 | 17.5
Armour         | 3 5 7 8 9 10 11 12 13 14 15 16 | 16.9
Throwing       | 1 2 7 9 10 12 14 | 14.4
Shields        | 9 14 15 | 15.0

Action                   |  1- 3 |  4- 6 |  7- 9 | 10-12 | 13-15 | 16-18 | 19-21 | 22-24 | 25-27 || total
-------------------------+-------+-------+-------+-------+-------+-------+-------+-------+-------++-------
Melee: Mace              |    72 |    61 |       |       |       |       |       |       |       ||   133
       Flail             |       |    32 |   456 |   157 |       |       |       |       |       ||   645
       Great mace        |       |       |       |   252 |   927 |       |       |       |       ||  1179
       Dire flail        |       |       |       |    73 |       |       |       |       |       ||    73
       Giant club        |       |       |       |       |    49 |   217 |       |       |       ||   266
       Giant spiked club |       |       |       |       |       |   787 |   621 |   700 |       ||  2108
       Eveningstar       |       |       |       |       |       |       |       |   154 |   654 ||   808
       Demon whip        |       |       |       |       |       |       |       |       |    26 ||    26
       Headbutt          |       |       |       |       |       |       |       |       |     8 ||     8
Throw: Javelin           |       |     7 |     3 |       |       |       |       |       |       ||    10
       Large rock        |       |       |       |    15 |    97 |    75 |     2 |   238 |   353 ||   780
Invok: Berserk           |     4 |     6 |    12 |    11 |    13 |     8 |     1 |     1 |     2 ||    58
       Trog's Hand       |       |     1 |       |     1 |     1 |     1 |       |       |       ||     4
       Brothers in Arms  |       |       |       |     2 |     3 |     1 |       |     4 |     9 ||    19
       Burn Spellbooks   |       |       |       |       |       |     2 |     1 |     3 |     3 ||     9
Evoke: Wand              |       |       |     3 |    48 |    19 |    17 |       |    13 |    22 ||   122
  Use: Potion            |       |     3 |       |       |     2 |     5 |     1 |     3 |    15 ||    29
       Scroll            |       |     4 |    10 |    11 |     7 |    13 |     3 |    21 |     7 ||    76
 Stab: Sleeping          |       |       |     5 |       |       |     2 |     1 |       |       ||     8
       Paralysed         |       |       |     2 |    22 |       |       |       |       |       ||    24
       Confused          |       |       |       |     1 |       |     1 |       |     2 |       ||     4
       Distracted        |       |       |       |       |       |     1 |       |       |     2 ||     3
  Eat: Chunk             |     2 |    10 |    10 |    28 |    32 |    20 |    13 |    19 |       ||   134
       Ration            |       |       |     3 |     2 |     2 |     4 |     1 |     2 |     7 ||    21
Armor: Animal skin       |    13 |     4 |       |       |       |       |       |       |       ||    17
       Robe              |       |    18 |    96 |   101 |       |       |       |       |       ||   215
       Swamp dragon scal |       |       |       |    39 |   486 |   257 |   165 |   107 |       ||  1054
       Fire dragon scale |       |       |       |       |       |       |       |    86 |    96 ||   182
Dodge: Dodged            |    27 |    26 |   176 |   244 |   562 |   721 |   426 |   571 |   229 ||  2982
Block: Other             |     6 |    10 |    81 |    14 |       |       |       |       |       ||   111
       Reflection        |     2 |       |       |       |       |       |       |       |       ||     2
       Large shield      |       |       |       |       |       |       |       |   164 |   756 ||   920

Table legend:
 A = Spawn XP
 B = Non-spawn XP
 C = Spawn XP percentage of total XP
 D = Spawn monster count
 E = Non-spawn monster count
 F = Spawn count percentage of total count
 G = Total turns spent on level
                    A         B        C        D         E        F      G
               +---------+---------+-------+---------+---------+-------+---------
         Total |       0 | 1344132 |   0.0 |       0 |    2021 |   0.0 | 42717
               +---------+---------+-------+---------+---------+-------+---------
           D:1 |       0 |      30 |   0.0 |       0 |      18 |   0.0 |   549
           D:2 |       0 |      65 |   0.0 |       0 |      15 |   0.0 |   771
           D:3 |       0 |     250 |   0.0 |       0 |       9 |   0.0 |   534
           D:4 |       0 |     421 |   0.0 |       0 |      17 |   0.0 |   624
           D:5 |       0 |     521 |   0.0 |       0 |      13 |   0.0 |   632
           D:6 |       0 |    1256 |   0.0 |       0 |      37 |   0.0 |   762
           D:7 |       0 |    2112 |   0.0 |       0 |      27 |   0.0 |   790
           D:8 |       0 |    3417 |   0.0 |       0 |      36 |   0.0 |  1041
           D:9 |       0 |    1894 |   0.0 |       0 |      19 |   0.0 |   661
          D:10 |       0 |    2817 |   0.0 |       0 |      20 |   0.0 |   776
          D:11 |       0 |    2173 |   0.0 |       0 |      29 |   0.0 |   765
          D:12 |       0 |    7657 |   0.0 |       0 |      43 |   0.0 |   508
          D:13 |       0 |   13042 |   0.0 |       0 |      42 |   0.0 |   762
          D:14 |       0 |    5925 |   0.0 |       0 |      19 |   0.0 |   672
          D:15 |       0 |    7709 |   0.0 |       0 |      17 |   0.0 |   697
        Lair:1 |       0 |    1807 |   0.0 |       0 |       8 |   0.0 |   803
        Lair:2 |       0 |    3216 |   0.0 |       0 |      16 |   0.0 |  1085
        Lair:3 |       0 |    5435 |   0.0 |       0 |      23 |   0.0 |   701
        Lair:4 |       0 |   12346 |   0.0 |       0 |      43 |   0.0 |   975
        Lair:5 |       0 |   15884 |   0.0 |       0 |      49 |   0.0 |  1068
        Lair:6 |       0 |   26232 |   0.0 |       0 |      80 |   0.0 |  1390
       Swamp:1 |       0 |   12903 |   0.0 |       0 |      29 |   0.0 |   668
       Swamp:2 |       0 |   18033 |   0.0 |       0 |      35 |   0.0 |   767
       Swamp:3 |       0 |   20798 |   0.0 |       0 |      45 |   0.0 |   731
       Swamp:4 |       0 |   34045 |   0.0 |       0 |      68 |   0.0 |   951
       Snake:1 |       0 |   13760 |   0.0 |       0 |      34 |   0.0 |   757
       Snake:2 |       0 |   14523 |   0.0 |       0 |      33 |   0.0 |   826
       Snake:3 |       0 |   14280 |   0.0 |       0 |      29 |   0.0 |   805
       Snake:4 |       0 |   76150 |   0.0 |       0 |     130 |   0.0 |  2162
         Orc:1 |       0 |    4162 |   0.0 |       0 |      30 |   0.0 |   662
         Orc:2 |       0 |   17868 |   0.0 |       0 |      89 |   0.0 |  1573
      Vaults:1 |       0 |   58577 |   0.0 |       0 |      95 |   0.0 |  1356
      Vaults:2 |       0 |   40406 |   0.0 |       0 |      39 |   0.0 |  1060
      Vaults:3 |       0 |   39010 |   0.0 |       0 |      41 |   0.0 |   921
      Vaults:4 |       0 |   17631 |   0.0 |       0 |      28 |   0.0 |   573
      Vaults:5 |       0 |  144951 |   0.0 |       0 |     142 |   0.0 |  1782
      Depths:1 |       0 |   39492 |   0.0 |       0 |      59 |   0.0 |  1069
      Depths:2 |       0 |   92329 |   0.0 |       0 |     111 |   0.0 |  1558
      Depths:3 |       0 |   65999 |   0.0 |       0 |      60 |   0.0 |  1051
      Depths:4 |       0 |   69086 |   0.0 |       0 |      62 |   0.0 |  1271
      Depths:5 |       0 |   34993 |   0.0 |       0 |      27 |   0.0 |   619
         Zot:1 |       0 |   24185 |   0.0 |       0 |      13 |   0.0 |   378
         Zot:2 |       0 |   34844 |   0.0 |       0 |      22 |   0.0 |   417
         Zot:3 |       0 |   71603 |   0.0 |       0 |      42 |   0.0 |   566
         Zot:4 |       0 |   46823 |   0.0 |       0 |      26 |   0.0 |   585
         Zot:5 |       0 |  214659 |   0.0 |       0 |      61 |   0.0 |   956
           Lab |       0 |    1094 |   0.0 |       0 |       3 |   0.0 |   646
       Ossuary |       0 |    1199 |   0.0 |       0 |      34 |   0.0 |   613
         IceCv |       0 |    6520 |   0.0 |       0 |      54 |   0.0 |   828
               +---------+---------+-------+---------+---------+-------+---------
